Map: Darkness Sanctuary LE

Players

Test

  • Race: Terran Terran
  • League: Silver
  • Spawn Location: 1:00

Gurogodica - Winner!

  • Race: Protoss Protoss
  • League: Platinum
  • Spawn Location: 7:00

VOD

Have the link to the VOD?

Description

Time

  • Played on: May 16, 2018, 3:17 p.m.
  • Length: 9:12
Show
View Real Time Build Order
Export as new Build Order

Test Terran 

Build Orders:  

Get SALT Encoding   

  12  0:00  SCV  
  13  0:13  SCV  
  14  0:19  Supply Depot  
  14  0:25  SCV  
  15  0:30  Refinery  
  15  0:41  SCV  
  16  0:47  Barracks  
  16  0:53  SCV  
  17  1:05  SCV  
  18  1:28  Command Center  
  18  1:36  Marine  
  19  1:50  Barracks  
  19  2:02  Barracks  
  19  2:05  Barracks Tech Lab  
  19  2:12  Orbital Command  
  19  2:28  Marine  
  19  2:29  Stimpack  
  20  2:39  Barracks Reactor  
  20  2:44  Barracks  
  20  2:57  Barracks Reactor  
  20  3:00  Marine  
  20  3:04  SCV x2  
  23  3:16  Engineering Bay  
  23  3:17  SCV, Marine  
  25  3:21  Marine  
  25  3:23  Marine  
  27  3:27  SCV  
  28  3:34  Barracks Reactor  
  28  3:35  Marine  
  28  3:36  Marine  
  30  3:48  Missile Turret  
  30  3:49  SCV  
  30  3:50  SCV  
  30  3:52  Marine  
  33  3:59  Supply Depot  
  34  4:04  Marine  
  35  4:10  Terran Infantry Weapons Level 1  
  35  4:15  Orbital Command  
  34  4:21  Missile Turret  
  34  4:25  SCV  
  34  4:28  Marine x2  
  37  4:31  Marine  
  37  4:34  Marine  
  37  4:35  Marine  
  40  4:39  SCV  
  40  4:43  Supply Depot  
  40  4:45  SCV  
  42  4:47  Marine  
  42  4:51  Marine  
  42  4:52  SCV  
  45  4:58  Barracks  
  45  5:01  SCV  
  45  5:04  Marine x2, SCV  
  49  5:10  Supply Depot  
  49  5:16  SCV, Marine  
  49  5:17  Marine, Barracks  
  50  5:22  Marine x2  
  44  5:30  Marine x2  
  46  5:37  Marine  
  46  5:38  Marine  
  46  5:42  Marine  
  47  5:48  Marine  
  48  5:55  Marine x2  
  47  6:00  Marine  
  35  6:06  Marine  
  35  6:11  Barracks  
  35  6:13  Marine x2  
  35  6:18  Marine  
  35  6:24  Marine  
  31  6:31  Marine x2  
  29  6:36  Marine  
  27  6:42  Marine  
  27  6:45  SCV x2  
  30  6:52  Barracks Reactor  
  32  6:55  Barracks Reactor  
  32  6:57  SCV x2, Barracks Reactor  
  32  6:59  Marine  
  33  7:05  Missile Turret  
  33  7:07  Missile Turret  
  33  7:09  SCV  
  33  7:13  Missile Turret  
  34  7:16  SCV  
  34  7:17  Marine  
  34  7:21  SCV  
  37  7:23  Command Center  
  37  7:25  Marine  
  38  7:35  Marine  
  39  7:42  Marine  
  40  7:46  Marine x4  
  40  7:47  Marine x2  
  46  7:53  Marine  
  37  8:00  Marine  
  37  8:04  Marine x6  
  43  8:11  Marine  
  32  8:18  Marine  
  29  8:22  Marine x4  
  30  8:29  Marine  
  29  8:36  Marine  
  29  8:40  Marine x4  
  30  8:46  Marine  
Show
View Real Time Build Order
Export as new Build Order

Gurogodica Protoss - Winner!

Build Orders: Dark Templar Rush 

Get SALT Encoding   

  12  0:02  Probe  
  14  0:14  Probe  
  14  0:19  Pylon  
  14  0:26  Probe  
  15  0:38  Probe  
  16  0:44  Gateway  
  16  0:50  Probe  
  16  0:52  Assimilator  
  17  1:00  Probe  
  17  1:01  Assimilator  
  18  1:08  Probe  
  18  1:16  Probe  
  20  1:29  Probe  
  20  1:32  Cybernetics Core  
  21  1:40  Pylon  
  21  1:50  Pylon, Probe  
  22  1:58  Probe  
  22  2:03  Warp Gate  
  23  2:10  Twilight Council  
  23  2:15  Probe  
  24  2:22  Adept  
  26  2:27  Probe  
  27  2:42  Robotics Facility  
  27  2:49  Pylon  
  27  2:57  Dark Shrine  
  27  3:04  Probe  
  28  3:10  Gateway  
  28  3:20  Gateway  
  28  3:27  Pylon  
  28  3:36  Warp Prism  
  28  3:37  Gateway  
  29  3:58  Pylon  
  29  4:03  Pylon  
  29  4:16  Adept x3  
  35  4:30  Pylon  
  35  4:37  Dark Templar  
  37  4:45  Pylon  
  37  4:56  Observer  
  38  5:13  Dark Templar x3  
  38  5:14  Dark Templar  
  46  5:47  Dark Templar  
  46  5:48  Dark Templar  
  48  5:50  Zealot x2  
  38  6:13  Warp Prism  
  30  6:49  Warp Prism  
  32  6:56  Dark Templar x2  
  32  6:58  Zealot x2  
  32  6:59  Nexus  
  40  7:08  Pylon  
  40  7:29  Assimilator  
  40  7:35  Assimilator  
  40  7:51  Dark Templar x3  
  42  7:54  Zealot  
  42  8:31  Dark Templar  
  42  8:32  Dark Templar  
  42  8:34  Zealot x2  
  42  8:57  Stalker x2  
  44  9:05  Stalker  
Tags
 
Add a new tag
Caveats
  • Supply blocks, unpowered buildings, or Contaminate may cause inaccurate times.
  • Supply counts are checked every 10 seconds.